 Dungeon Crawl Stone Soup version 0.31.0-4-g52a2dc7128 (webtiles) character file.

Game seed: 14785690921479039190

459 Gabide the Slasher (level 6, -8/47 HPs)
             Began as a Mummy Monk on Jan 21, 2024.
             Incinerated by a bombardier beetle (9 damage)
             ... with a burning spray
             ... on level 4 of the Dungeon.
             The game lasted 00:10:38 (3472 turns).

Gabide the Slasher (Mummy Monk)                     Turns: 3472, Time: 00:10:38

Health: -8/47      AC: 14    Str: 14    XL:     6   Next: 78%
Magic:  6/6        EV: 11    Int: 10    God:
Gold:   164        SH:  0    Dex: 16    Spells: 5/5 levels left

rFire   x . .        b - +0 dagger (drain)
rCold   + + .        c - orb {light}
rNeg    + + +        e - +2 ring mail {rC+}
rPois   ∞            m - +0 helmet
rElec   .            i - +2 cloak {rCorr}
rCorr   +            f - +0 pair of gloves
SInv    .            d - +1 pair of boots
Will    .....        (no amulet)
Stlth   +            (no ring)
HPRegen 0.27/turn    (no ring)
MPRegen 0.10/turn

%: faith
@: on fire, glowing
A: cold resistance 1, negative energy resistance 3, torment resistance 2, heat
vulnerability 1, in touch with death 1, no potions, faith
a: no special abilities


You were on level 4 of the Dungeon.
You visited 1 branch of the dungeon, and saw 4 of its levels.

You collected 164 gold pieces.

Inventory:

Hand Weapons
 a - a +0 falchion
 b - a +0 dagger of draining (weapon)
Missiles
 n - a throwing net (quivered)
Armour
 c - an orb of light (worn)
 d - a +1 pair of boots (worn)
 e - a +2 ring mail of cold resistance (worn)
 f - a +0 pair of gloves (worn)
 i - a +2 cloak of preservation (worn)
 m - a +0 helmet (worn)
Wands
 g - a wand of iceblast (4)
Scrolls
 h - 3 scrolls of revelation {unknown}
 j - a scroll of silence
 k - a scroll of enchant weapon {unknown}
 l - a scroll of vulnerability {unknown}
 o - a scroll of fear {unknown}


   Skills:
 + Level 3.1 Fighting
 + Level 6.1 Long Blades
 + Level 3.0 Dodging


You had 5 spell levels left.
You didn't know any spells.
Your spell library contained the following spells:

 Spells                   Type           Power      Damage    Failure   Level
 Cigotuvi's Dreadful Rot  Necr/Alch/Air  0%         N/A       75%         2
 Dispel Undead            Necr           0%         3d6       100%        4
 Martyr's Knell           Necr/Summ      0%         N/A       100%        4
 Death Channel            Necr           0%         N/A       100%        6


Dungeon Overview and Level Annotations

Branches:
Dungeon (4/15)
 Temple: D:4-7

Altars:
Cheibriados
Dithmenos
Qazlal
Sif Muna


Innate Abilities, Weirdness & Mutations

You are immune to poison.
Your flesh is cold resistant. (rC+)
You are immune to negative energy. (rN+++)
You are immune to unholy pain and torment.
You are vulnerable to heat. (rF-)
You are in touch with the powers of death.
You do not drink.
You have a special connection with the divine. (Faith)


Message History

The liquid fire burns you!
You hit the bombardier beetle.
The bombardier beetle is moderately wounded.
The liquid fire burns you!
You hit the bombardier beetle. You drain the bombardier beetle.
The bombardier beetle is almost dead.
The liquid fire burns you!
The bombardier beetle bites you but does no damage.
You hit the bombardier beetle.
You kill the bombardier beetle!
The liquid fire burns you!
You are too injured to fight recklessly!
You are too injured to fight recklessly!
You are too injured to fight recklessly!
You are too injured to fight recklessly!
You are too injured to fight recklessly!
You are too injured to fight recklessly!
You are too injured to fight recklessly!
You are too injured to fight recklessly!
You are too injured to fight recklessly!
You are too injured to fight recklessly!
You are too injured to fight recklessly!
You are too injured to fight recklessly!
You are on fire!
You are on fire!
You are on fire!
There are no items here.
The liquid fire burns you! The liquid fire burns you!
* * * LOW HITPOINT WARNING * * *
The liquid fire burns you!
* * * LOW HITPOINT WARNING * * *
You can't drink.
Okay, then.
The liquid fire burns you!
* * * LOW HITPOINT WARNING * * *
The liquid fire burns you!
* * * LOW HITPOINT WARNING * * *
The liquid fire burns you!
You die...

)...# ##.......##
#.......# .####
##.....## ##.....##
.#### ##...## ##...##
....# ##'## ##.## <##.#
#.# .# .##.# #.# .#
.##.#######.##
.....†..##..>##########.
###.###.#.......@.......
....# #.##....##########
##### #.###.#.##
#.###....## #.........#
#####....## #.#.## ###
#.### ### ##.## #!#


There were no monsters in sight!

Vanquished Creatures
  A scorpion (D:4)
  A hound (D:4)
  A bombardier beetle (D:4)
  Crazy Yiuf (D:2)
  A sleepcap (D:4)
  2 iguanas (D:4)
  2 orc wizards (D:4)
  Robin (D:4)
  3 gnolls (D:4)
  4 adders
  2 ribbon worms (D:3)
  4 dart slugs
  4 orcs (D:4)
  7 endoplasms
  4 giant cockroaches
  11 goblins
  7 hobgoblins
  5 jackals
  3 quokkas
  8 ball pythons
  4 bats
  3 frilled lizards
  12 kobolds
  2 rats (D:3)
93 creatures vanquished.

Notes
Turn   | Place    | Note
-------+----------+-------------------------------------------
     0 | D:1      | Gabide the Mummy Monk began the quest for the Orb.
     0 | D:1      | Reached XP level 1. HP: 18/18 MP: 1/1
     1 | D:1      | Noticed an electric eel
   265 | D:1      | Reached XP level 2. HP: 10/24 MP: 2/2
  1082 | D:2      | Reached skill level 3 in Long Blades
  1163 | D:2      | Reached XP level 3. HP: 29/29 MP: 3/3
  1470 | D:2      | Found a runed translucent door.
  1471 | D:2      | Noticed Crazy Yiuf
  1485 | D:2      | Killed Crazy Yiuf
  1600 | D:3      | Reached XP level 4. HP: 33/35 MP: 4/4
  1625 | D:3      | Found a snail-covered altar of Cheibriados.
  1805 | D:3      | Found a faded altar of an unknown god.
  2041 | D:3      | Identified the +0 hand axe "Birong" {speed, rF- Int+3 Dex+4
                  | Stlth+}
  2179 | D:3      | Reached skill level 4 in Long Blades
  2418 | D:4      | Noticed a scorpion
  2435 | D:4      | Killed a scorpion
  2436 | D:4      | Reached XP level 5. HP: 33/41 MP: 5/5
  2512 | D:4      | Found a shadowy altar of Dithmenos.
  2512 | D:4      | Found a faded altar of an unknown god.
  2523 | D:4      | Found a shimmering blue altar of Sif Muna.
  2524 | D:4      | Found a stormy altar of Qazlal.
  2693 | D:4      | Reached skill level 5 in Long Blades
  2769 | D:4      | Reached XP level 6. HP: 34/47 MP: 6/6
  2878 | D:4      | Noticed Robin
  2915 | D:4      | Killed Robin
  3369 | D:4      | Reached skill level 6 in Long Blades
  3471 | D:4      | HP: 1/47 [burnt (4)]
  3472 | D:4      | Incinerated by a bombardier beetle

Illustrated notes

Levels and vault maps discovered:
D:1:      arrival_aquarium_a, layout_loops_ring, minmay_ruptured
D:2:      layout_rooms, uniq_crazy_yiuf_cottage
D:3:      layout_basic, slow_altar_1, dreamdust_ecumenical_altar_statues,
          minmay_quantized
D:4:      layout_loops_corners, chequers_temple_overflow_minitemple,
          st_stairs_1, minmay_unequal, uniq_robin

Skill      XL: |  1  2  3  4  5  6 |
---------------+-------------------+-----
Long Blades    | 3 4 5 6 |  6.1
Dodging        | 3 |  3.0
Fighting       | |  3.1

Action                     |  1- 3 |  4- 6 || total
---------------------------+-------+-------++-------
  Melee: Falchion          |    35 |       ||    35
         Dagger            |    55 |   258 ||   313
  Evoke: Wand              |     3 |       ||     3
    Use: Scroll            |     2 |     1 ||     3
 Armour: Robe              |    22 |       ||    22
         Ring mail         |    23 |   148 ||   171
  Dodge: Dodged            |    55 |   128 ||   183
